 Dungeon Crawl Stone Soup version 0.29-a0-360-g8ed1089bbe (webtiles) character file.

Game seed: 4321894076869719080

126 Zeldest the Caller (level 5, -1/42 HPs)
             Began as a Hill Orc Summoner on Apr 28, 2022.
             Slain by a goblin
             ... wielding a +0 dagger
             ... led by Robin
              (4 damage)
             ... on level 3 of the Dungeon.
             The game lasted 00:08:08 (3583 turns).

Zeldest the Caller (Hill Orc Summoner)              Turns: 3583, Time: 00:08:08

Health: -1/42      AC:  2    Str: 11    XL:     5   Next: 10%
Magic:  7/7        EV: 12    Int: 17    God:
Gold:   64         SH:  0    Dex: 11    Spells: 1/7 levels left

rFire   . . .      SeeInvis .   (no weapon)
rCold   . . .      Faith    .   (no shield)
rNeg    . . .      Spirit   .   a - +0 robe
rPois   .          Reflect  .   (no helmet)
rElec   .          Harm     .   (no cloak)
rCorr   .          Rampage  .   (no gloves)
Will    .....                   (no boots)
Stlth   ++........              (no amulet)
HPRegen 0.14/turn               (no ring)
MPRegen 0.10/turn               (no ring)

@: no status effects
A: no striking features
a: no special abilities


You were on level 3 of the Dungeon.
You visited 1 branch of the dungeon, and saw 3 of its levels.

You collected 64 gold pieces.

Inventory:

Armour
 a - a +0 robe (worn)
Potions
 b - a potion of magic
 d - a potion of resistance
 f - a potion of brilliance
 g - a potion of cancellation
 k - 2 potions of haste


   Skills:
 + Level 2.7 Fighting
 - Level 1.5 Dodging
 - Level 1.5 Stealth
 - Level 2.2 Shields
 + Level 1.9 Spellcasting
 + Level 0.9 Hexes
 + Level 4.7 Summonings


You had one spell level left.
You knew the following spells:

 Your Spells              Type           Power      Damage    Failure   Level
a - Call Imp              Summ           17%        N/A       4%          2
b - Summon Small Mammal   Summ           68%        N/A       2%          1
c - Summon Guardian Gole  Hex/Summ       11%        N/A       19%         3

Your spell library contained the following spells:

 Spells                   Type           Power      Damage    Failure   Level
 Call Canine Familiar     Summ           17%        N/A       9%          3
 Static Discharge         Conj/Air       1%         N/A       30%         2
 Summon Lightning Spire   Summ/Air       9%         N/A       58%         4
 Alistair's Intoxication  Tmut/Pois      0%         N/A       99%         5
 Lightning Bolt           Conj/Air       0%         1d11      99%         5
 Maxwell's Capacitive Co  Air            0%         ∞         100%        8


Dungeon Overview and Level Annotations

Branches:
Dungeon (3/15)

Altars:

Annotations:
D:3 Robin


Message History

The goblin no longer looks unusually strong.
Robin throws the goblin at you! The goblin hits you with a +0 club.
You miss the goblin. The hobgoblin barely misses you.
The goblin hits you with a +0 dagger. The goblin hits you with a +0 club.
As you read the scroll labelled FUJUISTRERO, it crumbles to dust.
It is a scroll of amnesia.
Really abort (and waste the scroll)?
Okay, then.
The hobgoblin completely misses you. The goblin hits you with a +0 club.
The goblin closely misses you.
As you read the scroll labelled KUEHIL GIKAHA, it crumbles to dust.
You speak a Word of immense power!
It was a scroll of holy word.
The hobgoblin no longer looks unusually strong.
The hobgoblin closely misses you. The goblin hits you with a +0 dagger.
The goblin misses you.
As you read the scroll labelled EKHISO ZITSO, it crumbles to dust.
You hear a loud clanging noise!
It was a scroll of noise.
You hear a shout! x4
The hobgoblin no longer looks unusually strong.
The hobgoblin hits you. The goblin closely misses you. The goblin misses you.
As you read the scroll labelled COT GYENAIQA, it crumbles to dust.
The creatures around you are filled with an inner flame!
It was a scroll of immolation.
The hobgoblin hits you.
Robin roars a battlecry!
The goblins go into a battle-frenzy!
The goblin misses you. The goblin hits you with a +0 club.
* * * LOW HITPOINT WARNING * * *
You feel better. The hobgoblin misses you. The goblin barely misses you.
The goblin hits you with a +0 club.
You feel better. The hobgoblin hits you. The goblin hits you with a +0 club.
The goblin hits you with a +0 dagger.
As you read the scroll labelled TUXTEU HALALIDEPH, it crumbles to dust.
You feel aware of your surroundings.
You sensed 2 altars.
It was a scroll of magic mapping.
The hobgoblin hits you.
* * * LOW HITPOINT WARNING * * *
The goblin hits you with a +0 club.
* * * LOW HITPOINT WARNING * * *
The goblin hits you with a +0 dagger.
You die...

^≈^,^,,,,,,*#...........###....#
≈*^*,,,,,,,,#.####....#.##.)...#
,***≈,,,,*,,#.* #.............#
≈**≈^*,,***,,,* #........)....#
^^≈^,,,,,,,,.###*#...≈....≈....#
,,,,*******,,...###............#
,,,,* ****#..##....≈≈.....##
,,,,* *#g##....≈≈.....# ,,,,*
#@g#.g........## ,,,,*
##gg..≈....≈.$.# *****
#g............# #.............#
#.......##....# #[.....########
########


You could see Robin (inner flame), 2 hobgoblins and 2 goblins.

Vanquished Creatures (collateral kills)
  A gnoll (D:3)
  5 adders
  2 dart slugs
  5 ball pythons
  3 bats (D:1)
  4 endoplasms (D:1)
  2 giant cockroaches
  10 goblins
  5 hobgoblins
  2 jackals (D:2)
  4 kobolds
  A quokka (D:2)
  3 frilled lizards (D:2)
  7 rats
54 creatures vanquished.

Vanquished Creatures (others)
  A gnoll (D:3)
1 creature vanquished.

Grand Total: 55 creatures vanquished

Notes
Turn   | Place    | Note
-------+----------+-------------------------------------------
     0 | D:1      | Zeldest the Hill Orc Summoner began the quest for the Orb.
     0 | D:1      | Reached XP level 1. HP: 14/14 MP: 3/3
   170 | D:1      | Reached skill level 1 in Fighting
   170 | D:1      | Reached XP level 2. HP: 19/23 MP: 2/4
   315 | D:2      | Found a faded altar of an unknown god.
   568 | D:2      | Learned a level 2 spell: Call Imp
   575 | D:2      | Reached skill level 1 in Shields
   582 | D:2      | Reached XP level 3. HP: 28/28 MP: 1/5
  1915 | D:2      | Got Sif Muna's Collected Works on the Venomous Birds
  1961 | D:2      | Reached XP level 4. HP: 36/36 MP: 2/6
  2650 | D:3      | Learned a level 3 spell: Summon Guardian Golem
  2985 | D:3      | Noticed Robin
  3029 | D:3      | Reached XP level 5. HP: 42/42 MP: 2/7
  3583 | D:3      | Slain by a goblin

Illustrated notes

Levels and vault maps discovered:
D:1:      nicolae_arrival_memento_mori, layout_loops_ring
D:2:      layout_basic, hellmonk_ecumenical_altar_dog_temple,
          chequers_serial_rivers_small_b
D:3:      layout_rooms, nicolae_yredelemnul_corpse_copse,
          grunt_qazlal_sundering, skrybe_limestone_x, mrwooster_statue_mirror,
          uniq_robin

Skill      XL: |  1  2  3  4 |
---------------+-------------+-----
Fighting       | 1 2 |  2.7
Shields        | 1 2 |  2.2
Dodging        | |  1.5
Stealth        | |  1.5
Spellcasting   | |  1.9
Hexes          | |  0.9
Summonings     | |  4.7

Action                   |  1- 3 |  4- 6 || total
-------------------------+-------+-------++-------
Melee: Unarmed           |       |     1 ||     1
 Cast: Summon Small Mamm |    36 |    18 ||    54
       Call Imp          |    19 |    15 ||    34
       Summon Guardian G |       |     2 ||     2
  Use: Scroll            |       |    10 ||    10
       Potion            |       |     2 ||     2
Armor: Robe              |    22 |    10 ||    32
Dodge: Dodged            |    73 |    63 ||   136

Table legend: (Time is in decaauts)
 A = Elapsed time spent in this place.
 B = Non-inter-level travel time spent in this place.
 C = Inter-level travel time spent in this place.
 D = Time resting spent in this place.
 E = Time spent auto-exploring this place.
 F = Levels seen in this place.
 G = Mean time per level.
                   A        B        C        D        E       F      G
               +--------+--------+--------+--------+--------+-----+--------+
         Total |   3589 |   3465 |    124 |   1722 |   1072 |   3 | 1196.3 |
       Dungeon |   3589 |   3465 |    124 |   1722 |   1072 |   3 | 1196.3 |
               +--------+--------+--------+--------+--------+-----+--------+

Top non-repeatable levels by time:
     D:2: 1849 daAuts
     D:1: 1361 daAuts
     D:3: 378 daAuts
